 Dungeon Crawl Stone Soup version 0.23.2-1-ga50397a (webtiles) character file.

Game seed: 14223594757611482327

420 whitewolfNL the Cudgeler (level 6, -3/61 HPs)
             Began as a Troll Berserker on Apr 16, 2019.
             Was a Priest of Trog.
             Slain by a gnoll
             ... wielding a +0 halberd
              (9 damage)
             ... on level 4 of the Dungeon.
             The game lasted 00:13:10 (2431 turns).

whitewolfNL the Cudgeler (Troll Berserker)          Turns: 2431, Time: 00:13:15

Health: -3/61      AC:  6    Str: 26    XL:     6   Next: 62%
Magic:  5/5        EV: 11    Int:  3    God:    Trog [***...]
Gold:   187        SH:  0    Dex: 11    Spells: 5/5 levels left

rFire    . . .     SeeInvis +   t - +0 dire flail
rCold    . . .     Gourm    +   (shield currently unavailable)
rNeg     . . .     Faith    .   q - +0 robe
rPois    .         Spirit   .   (helmet restricted)
rElec    .         Reflect  .   f - scarf {repulsion}
rCorr    .         Harm     .   (gloves unavailable)
MR       .....                  (boots unavailable)
Stlth    +.........             u - amulet of the gourmand
HPRegen  0.60/turn              p - ring of see invisible
MPRegen  0.09/turn              (no ring)

@: glowing, repel missiles
A: large, unfitting armour, claws 3, fast metabolism 3, gourmand, regeneration
1, shaggy fur 1, tough skin 3
a: Berserk, Trog's Hand, Renounce Religion


You were on level 4 of the Dungeon.
You worshipped Trog.
Trog was most pleased with you.
You were completely stuffed.

You visited 1 branch of the dungeon, and saw 4 of its levels.

You collected 187 gold pieces.

Inventory:

Hand Weapons
 t - a +0 dire flail (weapon)
Missiles
 i - 31 bolts
Armour
 f - a scarf of repulsion (worn)
 q - a +0 robe (worn)
Jewellery
 p - a ring of see invisible (left claw)
 u - an amulet of the gourmand (around neck)
Wands
 l - a wand of polymorph (9)
 s - a wand of flame (13)
Scrolls
 a - a scroll of random uselessness {unknown}
 d - 2 scrolls of remove curse {unknown}
 g - 3 scrolls of identify {unknown}
 h - 3 scrolls of teleportation {unknown}
 n - a scroll of enchant weapon {unknown}
 r - a scroll of amnesia {unknown}
Potions
 e - a potion of curing
 j - 2 potions of heal wounds {unknown}
 m - a potion of degeneration {unknown}
 o - a potion of lignification {unknown}
 v - a potion of might {unknown}
Comestibles
 c - 7 rations
 k - 15 chunks of flesh


   Skills:
 * Level 3.5 Fighting
 * Level 4.7 Maces & Flails
 * Level 1.7 Throwing
 * Level 3.5 Dodging
 * Level 0.9 Stealth
 - Level 0.1 Unarmed Combat
 * Level 0.2 Evocations


You had 5 spell levels left.
You didn't know any spells.
Your spell library was empty.

Dungeon Overview and Level Annotations

Branches:
Dungeon (4/15)
 Temple: D:4-7

Altars:
The Shining One


Innate Abilities, Weirdness & Mutations

You are too large for most types of armour.
You have claws for hands.
Your metabolism is lightning-fast.
You like to eat raw meat.
Your natural rate of healing is unusually fast.
You are covered in fur. (AC +1)
You have extremely tough skin. (AC +3)


Message History

The gnoll shaman is almost dead.
The gnoll hits you but does no damage. The gnoll barely misses you.
The gnoll shaman barely misses you. The gnoll hits you with a +0 spear.
You barely miss the gnoll shaman.
The gnoll shaman is almost dead.
The gnoll hits you from afar with a +0 halberd!
* * * LOW HITPOINT WARNING * * *
The gnoll barely misses you.
The gnoll shaman utters an invocation to its god.
The gnoll shaman is healed somewhat.
The gnoll hits you with a +0 spear.
* * * LOW HITPOINT WARNING * * *
The gnoll closely misses you.
You puncture the gnoll shaman!
You kill the gnoll shaman!
Trog accepts your kill.
The gnoll hits you from afar with a cursed -3 halberd!
* * * LOW HITPOINT WARNING * * *
The gnoll hits you but does no damage.
The gnoll hits you from afar with a +0 halberd!
You die...

... ##..#...#.r..
#...#.......
##........#.#
#.<......... ##.......<
.### # ##.......g##...#
.#........)#g...##.#
.........g.@.......# ..
##...............##
...##..................
.#.#...................
.................#8....
...#.............#.....
#.....###......#8....
##.....###.#...# ....
####.....##.......#


You could see 3 gnolls.

Vanquished Creatures
  A centaur (D:4)
  A gnoll shaman (D:4)
  An orc priest (D:2)
  A hound (D:4)
  3 orc wizards
  2 adders
  7 gnolls
  A worm (D:4)
  2 dart slugs
  5 leopard geckos
  14 orcs
  8 bats
  3 giant cockroaches
  3 hobgoblins
  6 kobolds
  3 ball pythons
  3 frilled lizards (D:1)
  4 goblins
  5 rats
73 creatures vanquished.

Notes
Turn   | Place    | Note
-------+----------+-------------------------------------------
     0 | D:1      | whitewolfNL the Troll Berserker began the quest for the
                  | Orb.
     0 | D:1      | Reached XP level 1. HP: 22/22 MP: 0/0
   163 | D:1      | Reached XP level 2. HP: 29/29 MP: 1/1
   302 | D:1      | Reached skill level 3 in Maces & Flails
   704 | D:2      | Reached XP level 3. HP: 36/36 MP: 2/2
   708 | D:2      | Found a glowing golden altar of the Shining One.
   845 | D:2      | Reached ** piety under Trog
   845 | D:2      | Reached XP level 4. HP: 42/44 MP: 3/3
  1267 | D:2      | Reached skill level 1 in Throwing
  1287 | D:2      | Reached XP level 5. HP: 20/53 MP: 4/4
  2077 | D:4      | Noticed a centaur
  2085 | D:4      | Reached skill level 4 in Maces & Flails
  2091 | D:4      | Killed a centaur
  2091 | D:4      | Reached XP level 6. HP: 38/61 MP: 5/5
  2373 | D:4      | Reached *** piety under Trog
  2431 | D:4      | Slain by a gnoll

Skill      XL: |  1  2  3  4  5 |
---------------+----------------+-----
Maces & Flails | 3 4 |  4.7
Fighting       | 3 |  3.5
Throwing       | 1 |  1.7
Dodging        | 3 |  3.5
Stealth        | |  0.9
Unarmed Combat | |  0.1
Evocations     | |  0.2

Action                   |  1- 3 |  4- 6 || total
-------------------------+-------+-------++-------
Melee: Mace              |    97 |     4 ||   101
       Flail             |       |    51 ||    51
       Dire flail        |       |    73 ||    73
       Unarmed           |       |    13 ||    13
Invok: Berserk           |     1 |     6 ||     7
  Use: Potion            |       |     1 ||     1
  Eat: Chunk             |    13 |    22 ||    35
Armor: Animal skin       |    58 |    45 ||   103
       Robe              |       |    28 ||    28
       Skin              |       |     3 ||     3
Dodge: Dodged            |    77 |   110 ||   187
       Deflected         |       |     2 ||     2
